 Dungeon Crawl Stone Soup version 0.27-a0-488-g88baaf19db (webtiles) character file.

Game seed: 7795354110215258206

67 Klosterheim the Charlatan (level 3, 0/24 (28) HPs)
             Began as a Demonspawn Artificer on Mar 2, 2021.
             Slain by Terence
             ... wielding a +8 mace of draining
              (1 damage)
             ... on level 2 of the Dungeon.
             The game lasted 00:03:34 (2296 turns).

Klosterheim the Charlatan (Demonspawn Artificer)    Turns: 2296, Time: 00:03:35

HP:   0/24 (28)     AC:  5    Str: 13    XL:     3   Next: 98%
MP:   3/3           EV: 10    Int: 12    God:
Gold: 124           SH:  0    Dex: 13    Spells: 2/2 levels left

rFire    . . .     SeeInvis .   g - +0 hand axe
rCold    . . .     Faith    .   (no shield)
rNeg     . . .     Spirit   .   r - +0 ring mail
rPois    .         Reflect  .   (helmet restricted)
rElec    .         Harm     .   (no cloak)
rCorr    +         Rampage  .   (no gloves)
Will     .....                  (no boots)
Stlth    +.........             (no amulet)
HPRegen  0.08/turn              q - ring of resist corrosion
MPRegen  0.16/turn              (no ring)

@: very slightly contaminated, heavily drained, invisible
A: horns 1, magic regeneration
a: no special abilities


You were on level 2 of the Dungeon.
You visited 1 branch of the dungeon, and saw 3 of its levels.

You collected 124 gold pieces.

Inventory:

Hand Weapons
 g - a +0 hand axe (weapon)
Missiles
 l - a throwing net
Armour
 a - a +0 scale mail
 r - a +0 ring mail (worn)
Jewellery
 q - a ring of resist corrosion (left hand)
Wands
 d - a wand of charming (15)
 e - a wand of random effects (14)
Scrolls
 i - 2 scrolls of identify {unknown}
 j - 3 scrolls of teleportation {unknown}
 m - a scroll of fear {unknown}
 n - a scroll of noise {unknown}
 p - a scroll of enchant armour {unknown}
Potions
 h - a potion of attraction {unknown}
 k - a potion of heal wounds {unknown}
 o - a potion of degeneration {unknown}


   Skills:
 + Level 2.6 Fighting
 * Level 2.1 Axes
 - Level 2.0 Armour
 - Level 1.0 Dodging
 - Level 1.0 Stealth
 - Level 3.0 Evocations


You had 2 spell levels left.
You didn't know any spells.
Your spell library was empty.

Dungeon Overview and Level Annotations

Branches:
Dungeon (3/15)

Altars:
Ashenzari

Annotations:
D:2 Terence


Innate Abilities, Weirdness & Mutations

You have a pair of small horns on your head.
You regenerate magic rapidly.


Message History

The helpless Terence fails to defend himself.
You hit Terence but do no damage. You headbutt Terence, but do no damage.
Terence is lightly wounded.
The helpless Terence fails to defend himself.
You hit Terence. You headbutt Terence, but do no damage.
Terence is lightly wounded.
The helpless Terence fails to defend himself.
You hit Terence but do no damage.
Terence is lightly wounded.
The helpless Terence fails to defend himself.
You hit Terence but do no damage. You headbutt Terence, but do no damage.
Terence is lightly wounded.
The helpless Terence fails to defend himself.
You hit Terence but do no damage.
Terence is lightly wounded.
Terence is no longer petrified.
Terence hits you with a +8 mace of draining.
You feel drained.
You hit Terence.
Terence is moderately wounded.
Terence hits you with a +8 mace of draining!
You feel drained.
You barely miss Terence.
Terence is moderately wounded.
Terence closely misses you.
You see here a giant cockroach corpse.
You see here a +0 short sword.
There is a stone staircase leading up here.
Terence hits you with a +8 mace of draining.
You feel drained.
* * * LOW HITPOINT WARNING * * *
You climb upwards.
There is a stone staircase leading down here.
It was a potion of invisibility.
You fade into invisibility!
You are very lightly contaminated with residual magic.
Terence hits you with a +8 mace of draining.
* * * LOW HITPOINT WARNING * * *
You feel drained.
You die...

####### #.....# #######
#.....# #>@...### #.....#
#@......########
#.....#######.....#........#
#
#.................####...[.#
# #.....######.#.####
#<....## #
######...........#########..#
# #.........#....#######.# #
#........#####.........###
#........############....#


You could see Terence.

Vanquished Creatures
  An adder (D:2)
  An ooze (D:2)
  2 worms (D:2)
  A dart slug (D:1)
  4 giant cockroaches
  7 goblins
  7 hobgoblins
  3 jackals (D:2)
  7 kobolds
  A quokka (D:2)
  3 bats
  A frilled lizard (D:1)
  2 rats
40 creatures vanquished.

Notes
Turn   | Place    | Note
-------+----------+-------------------------------------------
     0 | D:1      | Klosterheim the Demonspawn Artificer began the quest for
                  | the Orb.
     0 | D:1      | Reached XP level 1. HP: 15/15 MP: 1/1
    19 | D:1      | Reached skill level 1 in Dodging
    19 | D:1      | Reached skill level 1 in Stealth
   263 | D:1      | Gained mutation: You have a pair of small horns on your
                  | head. [demonic ancestry]
   263 | D:1      | Reached XP level 2. HP: 22/22 MP: 2/2
  1004 | D:2      | Reached skill level 1 in Axes
  1332 | D:2      | Gained mutation: You regenerate magic rapidly. [demonic
                  | ancestry]
  1332 | D:2      | Reached XP level 3. HP: 23/27 MP: 3/3
  1525 | D:2      | Found a broken altar of Ashenzari.
  2257 | D:3      | Noticed Terence
  2296 | D:2      | HP: 1/25 [Terence/+8 mace of draining (4)]
  2296 | D:2      | Slain by Terence

Illustrated notes

Levels and vault maps discovered:
D:1:      scummos_arrival_hexagon, layout_rooms
D:2:      layout_rooms, ashenzari_conservatory_becter, kennysheep_potato
D:3:      minmay_octagon_keep, layout_basic, lemuel_coloured_pillars_altar,
          kiku_gazebo_pond_becter, gammafunk_temple_overflow_arena,
          fiery_altar_vehumet, overflow_temple_1_default, serial_glass,
          glass_columns_a, glass_columns_c, uniq_natasha, uniq_terence,
          uniq_ijyb

Skill      XL: |  1  2  3 |
---------------+----------+-----
Dodging        | 1 |  1.0
Stealth        | 1 |  1.0
Armour         | 2 |  2.0
Fighting       | 2 |  2.6
Axes           | 1 2 |  2.1
Evocations     | |  3.0

Action                   || total
-------------------------++-------
Melee: Club              ||    17
       Hand axe          ||   122
       Headbutt          ||    18
Evoke: Wand              ||    16
  Use: Potion            ||     1
 Stab: Sleeping          ||     1
       Petrified         ||     9
Armor: Leather armour    ||    39
       Ring mail         ||     1
Dodge: Dodged            ||    85

Table legend: (Time is in decaauts)
 A = Elapsed time spent in this place.
 B = Non-inter-level travel time spent in this place.
 C = Inter-level travel time spent in this place.
 D = Time resting spent in this place.
 E = Time spent auto-exploring this place.
 F = Levels seen in this place.
 G = Mean time per level.
                   A        B        C        D        E       F      G
               +--------+--------+--------+--------+--------+-----+--------+
         Total |   2329 |   2245 |     84 |   1043 |    832 |   3 |  776.3 |
       Dungeon |   2329 |   2245 |     84 |   1043 |    832 |   3 |  776.3 |
               +--------+--------+--------+--------+--------+-----+--------+

Top non-repeatable levels by time:
     D:2: 1239 daAuts
     D:1: 1008 daAuts
     D:3: 81 daAuts
